 Dungeon Sprint DCSS version 0.31-a0-818-ge7c7cf74f0 (webtiles) character file.

Game seed: 15968051031845519721

396 sircluck the Grappler (level 6, -2/106 HPs)
             Began as a Troll Berserker on Sept 23, 2023.
             Was a Believer of Trog.
             Drowned by a water elemental (3 damage)
             ... in the Dungeon (Sprint VII: "The Pits").
             The game lasted 00:00:30 (127 turns).

sircluck the Grappler (Troll Berserker)              Turns: 127, Time: 00:00:31

Health: -2/106     AC:  4    Str: 28    XL:     6   Next: 52%
Magic:  5/5        EV: 11    Int:  3    God:    Trog [**....]
Gold:   0          SH:  0    Dex:  9    Spells: 5/5 levels left

rFire   . .          .
                       - Unarmed
rCold   . . .        (no shield)
rNeg    . . .        a - +0 animal skin
rPois   .            (helmet restricted)
rElec   .            (no cloak)
rCorr   .            (gloves unavailable)
SInv    .            (boots unavailable)
Will    .....        (no amulet) Stlth
                     (no ring)
HPRegen 1.17/turn    (no ring)
MPRegen 0.09/turn

%: no teleportation
@: berserking, engulfed (cannot breathe), very quick
A: large, unfitting armour, claws 3, regeneration 1, shaggy fur 1, tough skin 1
a: Renounce Religion, Berserk, Trog's Hand


You were in the Dungeon.
You worshipped Trog.
Trog was pleased with you.
You visited 1 branch

Inventory:

Armour
 a - a +0 animal skin (worn)
Scrolls
 g - a scroll of blinking
Potions
 b - a potion of curing
 c - a potion of heal wounds
 d - a potion of haste
 e - 2 potions of magic
 f - a potion of berserk rage


   Skills:
 + Level 7.3 Fighting
 + Level 7.3 Dodging
 + Level 8.7 Unarmed Combat


You had 5 spell levels left.
You didn't know any spells.
Your spell library was empty.

Dungeon Overview and Level Annotations

Branches:
Dungeon (1/1)

Altars:


Innate Abilities, Weirdness & Mutations

You are too large for most types of armour.
You have claws for hands.
Your natural rate of healing is unusually fast.
You are covered in fur. (AC +1)
You have tough skin. (AC +1)


Message History

The rime drake breathes ice at you. The icy flash freeze hits you!!
You are encased in ice.
You mangle the rime drake!!
You kill the rime drake!
Trog accepts your kill.
You can now call upon Trog for regeneration and willpower.
The water elemental hits you!!
* * * LOW HITPOINT WARNING * * *
The water elemental engulfs you in water!
Your Fighting skill gained 2 levels and is now at level 7!
Your Dodging skill gained 2 levels and is now at level 7!
Your Unarmed Combat skill gained 2 levels and is now at level 8!
You have reached level 6!
You feel stronger.
Unknown command.
Unknown command.
Unknown command.
You claw the water elemental! x2
The water elemental is severely damaged.
* * * LOW HITPOINT WARNING * * *
Your lungs strain for air!
The water elemental closely misses you.
You claw the water elemental!
The water elemental is almost destroyed.
* * * LOW HITPOINT WARNING * * *
Your lungs strain for air!
The yak gores you!
* * * LOW HITPOINT WARNING * * *
A yak comes into view.
You barely miss the water elemental.
The water elemental is almost destroyed.
* * * LOW HITPOINT WARNING * * *
Your lungs strain for air!
The ice encasing you melts away.
The yak bellows!
You hear a bellow! x2
The water elemental closely misses you.
You barely miss the water elemental.
The water elemental is almost destroyed.
You die...

Y.# ++########## Y.#
.......##..# E.#
#......##..# ..#
.......''..# ..#
.......''..##########.Y#
#......##...†....E.....#
.......##.......@Y.....#
++######################


You could see a water elemental and 2 yaks.

Vanquished Creatures
  A rime drake (D)
  A shadow (D)
  A ball python (D)
3 creatures vanquished.

Notes
Turn   | Place    | Note
-------+----------+-------------------------------------------
     0 | D        | sircluck the Troll Berserker began the quest for the Orb.
     0 | D        | Reached XP level 1. HP: 22/22 MP: 0/0
    22 | D        | Noticed a shadow
    45 | D        | Killed a shadow
    46 | D        | Reached skill level 5 in Fighting
    46 | D        | Reached skill level 5 in Dodging
    46 | D        | Reached skill level 6 in Unarmed Combat
    46 | D        | Reached XP level 2. HP: 35/35 MP: 1/1
    46 | D        | Reached XP level 3. HP: 42/42 MP: 2/2
    46 | D        | Reached XP level 4. HP: 50/50 MP: 3/3
    46 | D        | Reached XP level 5. HP: 57/57 MP: 4/4
   114 | D        | Noticed a yak
   114 | D        | Noticed a water elemental
   114 | D        | Noticed a rime drake
   114 | D        | Noticed a yak
   123 | D        | Killed a rime drake
   123 | D        | Reached ** piety under Trog
   124 | D        | Reached skill level 8 in Unarmed Combat
   124 | D        | Reached XP level 6. HP: 24/71 MP: 5/5
   125 | D        | HP: 4/106 [yak (16)]
   125 | D        | Noticed a yak
   126 | D        | HP: 1/106 [drowned by a water elemental (3)]
   127 | D        | Drowned by a water elemental

Illustrated notes

Levels and vault maps discovered:
D:        pitsprint [storerooms_1, entrance_room_1, metal_vault_3, armoury_1,
          mini_pit_1, grid_room_1, main_hall_1, silver_pit, the_coven_1,
          the_vestibule_1, steel_vault_3, golden_pit, hallway_of_sentries,
          crystal_vault_2, iron_vault_2, final_vault]

Skill      XL: |  1  2  3  4  5 |
---------------+----------------+-----
Fighting       | 5 7 |  7.3
Dodging        | 5 7 |  7.3
Unarmed Combat | 6 8 |  8.7

Action                     |  1- 3 |  4- 6 || total
---------------------------+-------+-------++-------
  Melee: Unarmed           |     8 |    10 ||    18
         Punch             |       |     1 ||     1
 Invoke: Berserk           |     1 |     1 ||     2
 Armour: Animal skin       |     4 |     7 ||    11
  Dodge: Dodged            |     1 |     3 ||     4

Table legend: (Time is in decaauts)
 A = Elapsed time spent in this place.
 B = Non-inter-level travel time spent in this place.
 C = Inter-level travel time spent in this place.
 D = Time resting spent in this place.
 E = Time spent auto-exploring this place.
 F = Levels seen in this place.
 G = Mean time per level.
                   A        B        C        D        E       F      G
               +--------+--------+--------+--------+--------+-----+--------+
         Total |    132 |    132 |      0 |     50 |      0 |   1 |  132.0 |
       Dungeon |    132 |    132 |      0 |     50 |      0 |   1 |  132.0 |
               +--------+--------+--------+--------+--------+-----+--------+

Top non-repeatable levels by time:
       D: 132 daAuts
